[Event "Early-Titled-Tuesday-Blitz-March-05-2024"]
[Site "Chess.com"]
[Date "2024.03.05"]
[Round "11"]
[White "Barmen_EV"]
[Black "isaak2009"]
[Result "1/2-1/2"]
[WhiteElo "2494"]
[BlackElo "2729"]
[TimeControl "180+1"]
[EndTime "10:10:29 PST"]
[Termination "Game drawn by repetition"]

1. e4 e5 2. Nf3 Nc6 3. d4 exd4 4. Bc4 Nf6 5. O-O Nxe4 6. Nc3 Nd6 7. Re1+ Be7 8. Nd5 Nxc4 9. Nxe7 Nxe7 10. Qxd4 O-O 11.
Qxc4 d5 12. Qf4 Ng6 13. Qg3 c6 14. Be3 Bf5 15. c3 Qd7 16. Bd4 Rfe8 17. Ne5 Nxe5 18. Bxe5 Bg6 19. h4 Qf5 20. Bd4 b6 21. b4 h5 22. Qc7 Qg4 23. Qxc6 Be4 24. f3 Bxf3 25. Rxe8+ Rxe8 26. Qxe8+ Kh7 27. Kf2 Qxg2+ 28. Ke1 Qh1+ 29. Kf2 Qg2+ 30. Ke1 Qb2 31. Rd1 Qc2 32. Rd2 Qc1+ 33. Kf2 Qxd2+ 34. Kxf3 Qd1+ 35. Qe2 Qh1+ 36. Qg2 Qd1+ 37.
Ke3 Qe1+ 38. Kf3 Qd1+ 39. Kg3 Qg4+ 40. Kf2 Qf4+ 41. Ke2 f6 42. Qf2 Qe4+ 43. Kd2 Qg4 44. a4 Qe4 45. a5 bxa5 46. bxa5 a6 47. Qe2 Qf4+ 48. Kc2 Qxh4 49. Qxa6 Qh2+ 50. Kb3 Qh1 51. Qd3+ g6 52. a6 Qa1 53. a7 h4 54. Qc2 Qa6 55.
Qa2 Qb5+ 56. Kc2 Qe2+ 57. Kb3 Qb5+ 58. Kc2 Qe2+ 59. Kb1 Qe1+ 60. Kb2 Qe2+ 61. Ka3 Qa6+ 62. Kb3 Qb5+ 1/2-1/2

[Event "Early-Titled-Tuesday-Blitz-March-05-2024"]
[Site "Chess.com"]
[Date "2024.03.05"]
[Round "11"]
[White "thesupera12"]
[Black "Vse_po_kaify"]
[Result "1-0"]
[WhiteElo "2501"]
[BlackElo "2344"]
[TimeControl "180+1"]
[EndTime "10:10:34 PST"]
[Termination "thesupera12 won by checkmate"]

1. b3 c5 2. Bb2 Nc6 3. e3 e5 4. Nf3 d6 5. d4 cxd4 6. exd4 e4 7. Nfd2 d5 8. c4 Nf6 9. Nc3 Bb4 10. cxd5 Bxc3 11. Bxc3 Qxd5 12. Bc4 Qf5 13. O-O O-O 14. Qe2 Qg6 15. Rfe1 Bh3 16. Qf1 Rad8 17. Kh1 Bf5 18. f3 Nxd4 19. fxe4 Nxe4 20. Nxe4 Bxe4 21. Bxd4 Rxd4 22.
Rad1 Rfd8 23. Rxd4 Rxd4 24. Qf2 h6 25. Bxf7+ Qxf7 26. Qxd4 Bc6 27. Qxa7 Qg6 28. Qf2 Kh7 29. h3 Qd3 30. Kh2 Qd6+ 31. Qg3 Qd2 32. Re7 Qb2 33. Rf7 Qd4 34. Rf2 Qd5 35. Qf4 Qd1 36.
Qd2 Qh5 37. Qd3+ Kg8 38. Qf5 Qd1 39. b4 Qd6+ 40. Qf4 Qd1 41. Rd2 Qb1 42. a3 Qg6 43.
Rd8+ Kh7 44. Qd2 Qe6 45. Qd3+ Be4 46. Qd6 Qf5 47. Rf8 Qg5 48. Qg3 Qd2 49. Rf7 Qb2 50. Re7 Bc6 51. a4 Qf6 52. Rc7 Be4 53. b5 h5 54. Rc3 h4 55. Qc7 Qg5 56. Rc2 Qg3+ 57. Kg1 Qe3+ 58. Kh2 Qg3+ 59. Kg1 Qe3+ 60. Kh2 Qe1 61.
Rb2 Bd5 62. Qd6 Qe4 63. Rd2 Bc4 64. Qd4 Qe6 65. Qxh4+ Kg8 66. Rd8+ Kf7 67. Qf4+ Ke7 68. Qf8# 1-0

[Event "Early-Titled-Tuesday-Blitz-March-05-2024"]
[Site "Chess.com"]
[Date "2024.03.05"]
[Round "11"]
[White "Egor_Koshulyan"]
[Black "Chessmissile07"]
[Result "1/2-1/2"]
[WhiteElo "2732"]
[BlackElo "2902"]
[TimeControl "180+1"]
[EndTime "10:10:35 PST"]
[Termination "Game drawn - insufficient material"]

1. f4 a6 2. Nf3 c5 3. g3 b5 4.
Bg2 Bb7 5. O-O g6 6. d3 Bg7 7. e4 d6 8. a4 Nc6 9. c3 Nf6 10. h3 O-O 11. Be3 Nd7 12. Nbd2 Qc7 13. Qb3 c4 14. Qc2 cxd3 15. Qxd3 b4 16. cxb4 Nxb4 17. Qb3 a5 18. Rac1 Qb8 19. Rfd1 Ba6 20. Nc4 Nc6 21. Qxb8 Ncxb8 22. e5 Bb7 23. exd6 exd6 24. Nxd6 Bc6 25. b3 Nf6 26. Ne5 Bxg2 27. Kxg2 Na6 28. Bb6 Nb4 29. Bc5 Nbd5 30. Kf3 Rfb8 31. Rd3 Nb4 32. Bxb4 Rxb4 33. Ndxf7 Rab8 34. Rb1 Ne4 35. Nc6 Kxf7 36. Nxb8 Nc5 37. Rd5 Nxb3 38. Nc6 Nd2+ 39. Ke2 Rxb1 40. Kxd2 Rb2+ 41.
Kc1 Rg2 42. Rd3 Ke6 43. Nxa5 Ra2 44. Nb3 Bf8 45. a5 Bb4 46. Kb1 Rh2 47. a6 Rh1+ 48. Kc2 Rh2+ 49. Nd2 Bc5 50. Rc3 Bd4 51. Rc7 Be3 52.
a7 Rxd2+ 53. Kb3 Rd8 54. Rxh7 Ra8 55. Rh6 Kf7 56. Rh7+ Kf6 57. Rb7 Rxa7 58. Rxa7 Bxa7 59. Kc4 Bf2 60. g4 Bg3 61. f5 gxf5 62. gxf5 Kxf5 63. Kd5 Kg5 64. h4+ Kxh4 1/2-1/2

[Event "Early-Titled-Tuesday-Blitz-March-05-2024"]
[Site "Chess.com"]
[Date "2024.03.05"]
[Round "11"]
[White "maciek_92"]
[Black "Polish_fighter3000"]
[Result "0-1"]
[WhiteElo "2885"]
[BlackElo "3104"]
[TimeControl "180+1"]
[EndTime "10:10:38 PST"]
[Termination "Polish_fighter3000 won by resignation"]

1. c4 Nf6 2. Nc3 g6 3. d4 Bg7 4. e4 d6 5. Be2 O-O 6. Be3 c5 7.
d5 e6 8. dxe6 Bxe6 9. h3 Nc6 10.
Nf3 Qb6 11. O-O Rad8 12. Qd2 Rfe8 13. Rad1 Nd7 14. Bg5 Rc8 15. Nb5 Nde5 16. Nxd6 Nxf3+ 17. Bxf3 Nd4 18. Nxc8 Rxc8 19. Bg4 Bxg4 20. hxg4 Qe6 21. f3 Qxc4 22. b3 Qa6 23. Rfe1 Be5 24. Be3 Qe6 25. Qf2 Bg7 26. g5 a5 27. Rc1 b6 28. Qg3 Be5 29. f4 Bg7 30. Bxd4 Bxd4+ 31. Kh2 a4 32. e5 b5 33. bxa4 bxa4 34. a3 Qb3 35. Qg4 Rf8 36.
e6 fxe6 37. Rxe6 Be3 38. Rf1 Bd4 39. f5 Qd3 40. Rf3 gxf5 41. Qh5 Qc4 42. Re7 Rf7 43. Re8+ Rf8 44. Re7 Rf7 45. Re8+ Rf8 46. g6 h6 47. Re7 Bg7 48. Rfe3 Qf4+ 49. Kg1 Bd4 50. g7 Bxe3+ 51. Kh1 Qf1+ 52. Kh2 Bf4+ 53. g3 Qf2+ 54. Kh1 Qf1+ 55. Kh2 Bxg3+ 56. Kxg3 Qg1+ 57. Kf3 Qg4+ 58. Qxg4 fxg4+ 59. Kxg4 Rf7 60. Re8+ Kxg7 61. Ra8 Rc7 62. Rxa4 c4 63. Rb4 c3 64. Rb1 Kf6 65. Rc1 Ke5 66.
a4 Kd4 67. Kf3 c2 68. Ke2 Kc3 0-1

[Event "Early-Titled-Tuesday-Blitz-March-05-2024"]
[Site "Chess.com"]
[Date "2024.03.05"]
[Round "11"]
[White "BeardedNM"]
[Black "effefe"]
[Result "0-1"]
[WhiteElo "2212"]
[BlackElo "2385"]
[TimeControl "180+1"]
[EndTime "10:10:38 PST"]
[Termination "effefe won on time"]

1. e4 c5 2. Nf3 d6 3. d4 cxd4 4. Nxd4 Nf6 5. Nc3 g6 6. Be3 Bg7 7. f3 O-O 8. Qd2 Nc6 9. Bc4 d5 10. Nxd5 e5 11. Nxc6 bxc6 12. Nxf6+ Bxf6 13. Qxd8 Rxd8 14. Rd1 Rxd1+ 15. Kxd1 a5 16. c3 a4 17. Kc2 Be7 18. Rd1 Kg7 19. a3 f5 20. Bd3 Be6 21.
exf5 Bb3+ 22. Kd2 Bxd1 23. Kxd1 gxf5 24. Bxf5 Rb8 25. Kc2 h6 26. Bd7 c5 27. Bxa4 Bd6 28.
Bc6 h5 29. Be4 Kf6 30. h4 Rg8 31. Bg5+ Ke6 32. b4 cxb4 33. axb4 Rc8 34. Kb3 Rb8 35. Bg6 Rh8 36. c4 Rb8 37. Bd2 Rg8 38.
Bxh5 Rxg2 39. Bg4+ Ke7 40. Bg5+ Kf7 41. c5 Bf8 42. c6 Bd6 43. Bd8 Rg1 44. c7 Bxc7 45. Bxc7 e4 46. Bh5+ Ke6 47. fxe4 Rh1 48. Bg4+ Ke7 49.
h5 Rh4 50. Bf3 Rh3 51. Kc4 Rxf3 52. b5 Kd7 53. b6 Kc6 54. h6 Rh3 55. Bf4 Rh4 56. Bg5 Rxe4+ 57. Kd3 Re1 58. Bf6 Rh1 59. Bg7 Kxb6 60. Ke4 Kc6 61. Kf5 Kd7 62. Kg6 Ke6 63. h7 Rg1+ 64. Kh6 Kf5 65. Bf8 Rg6+ 66. Kh5 Rg1 0-1

[Event "Early-Titled-Tuesday-Blitz-March-05-2024"]
[Site "Chess.com"]
[Date "2024.03.05"]
[Round "11"]
[White "TimGrutter03"]
[Black "Sofiia_Hryzlova"]
[Result "0-1"]
[WhiteElo "2621"]
[BlackElo "2533"]
[TimeControl "180+1"]
[EndTime "10:10:45 PST"]
[Termination "Sofiia_Hryzlova won by checkmate"]

1. e4 e5 2. d4 d6 3. dxe5 dxe5 4. Qxd8+ Kxd8 5. f4 Nc6 6. Nf3 Bd6 7. Bb5 f6 8.
Bxc6 bxc6 9. Nbd2 exf4 10. Nc4 g5 11. b3 Bg4 12. Bb2 Ke7 13. Nxg5 Nh6 14. Nf3 Rhe8 15. O-O-O Be6 16. Bxf6+ Kxf6 17. e5+ Bxe5 18. Ncxe5 Bd5 19.
c4 Be4 20. Rhe1 Rxe5 21. Nxe5 Kxe5 22. Rd7 Nf5 23. Rxh7 Ne3 24. Re7+ Kd4 25. Rxc7 Bxg2 26. Rf7 Ke4 27. Rg7 Kf3 28. Kd2 Rd8+ 29. Kc3 Kf2 30.
Rb1 Nd1+ 31. Kb4 f3 32. Kc5 Kg1 33. Rf7 f2 34. h4 f1=Q 35. Rxf1+ Kxf1 36. b4 Ke2 37. b5 cxb5 38. cxb5 Rc8+ 39. Kd4 Rb8 40. a4 Bf3 41. a5 Kd2 42. Rb4 Be2 43. b6 a6 44.
b7 Bb5 45. Kc5 Rxb7 46. h5 Ne3 47. h6 Nc2 48. Rh4 Rh7 49. Kb6 Ne3 50. Kc5 Nf5 51. Rh2+ Ke3 52. Rh5 Kf4 53. Rh1 Rxh6 54. Rg1 Ke5 55. Kb4 Rc6 56. Re1+ Kd5 57. Rd1+ Nd4 58. Rh1 Rc4+ 59. Ka3 Rc3+ 60. Kb2 Kc4 61. Rh8 Rc2+ 62.
Kb1 Kb4 63. Rh4 Rd2 64. Kc1 Kc3 65. Rh3+ Rd3 66. Rh8 Nb3+ 67. Kb1 Rd1+ 68. Ka2 Ra1# 0-1

[Event "Early-Titled-Tuesday-Blitz-March-05-2024"]
[Site "Chess.com"]
[Date "2024.03.05"]
[Round "11"]
[White "crazy_m_attack"]
[Black "Leonid_Starozhilov"]
[Result "1/2-1/2"]
[WhiteElo "2489"]
[BlackElo "2677"]
[TimeControl "180+1"]
[EndTime "10:10:45 PST"]
[Termination "Game drawn by repetition"]

1. e4 g6 2. d4 Bg7 3. Nc3 d6 4. f4 Nf6 5. Nf3 O-O 6. e5 dxe5 7. fxe5 Nd5 8. Bc4 Nxc3 9. bxc3 c5 10. h4 h5 11. Qd3 Bf5 12. Qe3 Nc6 13. O-O e6 14. Ba3 Na5 15. Bd3 cxd4 16. cxd4 Re8 17. Bxf5 exf5 18.
Qd3 Qd5 19. Rab1 Nc4 20. Bc1 Rac8 21. Nd2 b5 22. Nxc4 Rxc4 23. Be3 Rec8 24. Rb2 Rc3 25. Qd2 Qe4 26. Bf2 Rxc2 27. Rxc2 Rxc2 28. Qe3 Qd5 29. Qb3 Rc4 30. Rb1 Bh6 31. Rd1 a6 32. Kh2 Bf4+ 33. Kg1 Kg7 34. a3 a5 35. Qf3 Qxf3 36. gxf3 Kf8 37. Rb1 b4 38. axb4 Rxb4 39. Rxb4 axb4 40. Be1 b3 41. Bb4+ Ke8 42. Ba3 Bd2 43. Bb2 Kd7 44. Kf1 f4 45. Ke2 Be3 46. Kd3 g5 47. hxg5 h4 48. d5 h3 49. e6+ fxe6 50. g6 h2 51. g7 h1=Q 52. dxe6+ Ke7 53. Ba3+ Kf6 54.
g8=Q Qd1+ 55. Kc4 Qd4+ 56. Kb5 Qd5+ 57. Ka4 Qc4+ 58. Bb4 Qa6+ 59. Kxb3 Qxe6+ 60. Qxe6+ Kxe6 61. Kc4 Ke5 62. Kd3 Kf5 63. Ke2 Bd4 64. Bd2 Be5 65.
Bxf4 Bxf4 66. Kf2 Be3+ 67. Ke2 Bf4 68. Kf2 Be5 69. Ke3 Bf6 70. Kf2 Bg5 71. Ke2 Bf6 72. Kf2 Be5 73. Ke2 Bf6 74. Kf2 1/2-1/2

[Event "Early-Titled-Tuesday-Blitz-March-05-2024"]
[Site "Chess.com"]
[Date "2024.03.05"]
[Round "11"]
[White "TitarovVasiliYouTube"]
[Black "kinga2008"]
[Result "0-1"]
[WhiteElo "2513"]
[BlackElo "2439"]
[TimeControl "180+1"]
[EndTime "10:10:45 PST"]
[Termination "kinga2008 won by checkmate"]

1. e4 c5 2. Nf3 Nc6 3. b3 d5 4. exd5 Qxd5 5. Bb2 Bg4 6. Be2 e5 7. Nc3 Qd7 8. O-O Be7 9. h3 Bxf3 10. Bxf3 Nf6 11. Re1 O-O-O 12. Bxc6 Qxc6 13. Rxe5 Bd6 14. Re1 Rhe8 15. Qf3 Qxf3 16. gxf3 Be5 17. d3 Nh5 18. Na4 Bxb2 19. Nxb2 Nf4 20. Kh2 Ne6 21. Nc4 Kc7 22. Kg2 Rd5 23. Re4 Rg5+ 24. Rg4 Rxg4+ 25. fxg4 Nf4+ 26. Kg3 Ne2+ 27. Kh2 Nd4 28. Ne3 g6 29. Kg2 f5 30. gxf5 gxf5 31. c3 Rg8+ 32. Kf1 Nb5 33.
Nxf5 Nxc3 34. Rc1 Rg1+ 35. Kxg1 Ne2+ 36. Kg2 Nxc1 37. Kf3 Nxd3 38. Ne3 Nc1 39. Nd5+ Kc6 40. Nc3 b5 41. Ke3 b4 42. Kd2 Nxb3+ 43. axb3 bxc3+ 44. Kxc3 Kd5 45. h4 h5 46. f4 Ke4 47. Kc4 Kxf4 48.
Kxc5 Kg4 49. Kb5 Kxh4 50. Ka6 Kg4 51. Kxa7 h4 52. b4 h3 53. b5 h2 54. b6 h1=Q 55.
b7 Qa1+ 56. Kb8 Kf5 57. Kc8 Qc3+ 58. Kd8 Qd4+ 59. Kc8 Qc5+ 60. Kd8 Qd6+ 61. Kc8 Qc6+ 62. Kb8 Ke6 63. Ka8 Kd7 64. Ka7 Qa4+ 65. Kb6 Qb4+ 66.
Ka7 Kc7 67. b8=N Qb6+ 68. Ka8 Qxb8# 0-1

[Event "Early-Titled-Tuesday-Blitz-March-05-2024"]
[Site "Chess.com"]
[Date "2024.03.05"]
[Round "11"]
[White "AttackSparrow"]
[Black "StankovicIvan"]
[Result "1-0"]
[WhiteElo "2655"]
[BlackElo "2531"]
[TimeControl "180+1"]
[EndTime "10:10:50 PST"]
[Termination "AttackSparrow won by checkmate"]

1. Nf3 g6 2. d4 Bg7 3. Nc3 d5 4.
Bf4 Nf6 5. Nb5 Na6 6. e3 O-O 7. h3 c6 8. Nc3 Nc7 9. Bd3 b5 10. O-O a5 11. Re1 Bb7 12. Bh2 Ne6 13. a3 Rc8 14. b4 a4 15. Ne2 Nc7 16. Nf4 Nce8 17. Bf1 Nd6 18. Nd3 Nd7 19. Nc5 Nxc5 20. bxc5 Ne4 21. Bd3 f5 22. Be5 Nf6 23. Rb1 Qd7 24.
Bf4 Ne4 25. Rb4 Rce8 26. Ne5 Bxe5 27. Bxe5 e6 28. f3 Ng5 29. Bd6 Rf6 30. Bg3 Rff8 31.
Bh4 Nf7 32. f4 Bc8 33. Kf2 h6 34. Ke2 g5 35. Bg3 Nh8 36. Kd2 Qf7 37. Bh2 Ng6 38. Qe2 Kg7 39. Qf2 Qf6 40. Rbb1 Bd7 41.
Rg1 Rg8 42. c3 Kf7 43. Rbf1 Ke7 44. g4 fxg4 45. fxg5 Qxf2+ 46. Rxf2 hxg5 47. Rxg4 Nh4 48. Bd6+ Kd8 49. Rf7 e5 50. Rg3 e4 51. Be2 Nf5 52. Rxd7+ Kxd7 53. Bg4 Ke6 54. Rg2 Rg7 55. Rf2 Rf7 56.
Be5 Kd7 57. Bh5 Ref8 58. Bg6 Ke6 59. Bxf7+ Rxf7 60. Rg2 Nh4 61. Rg3 Nf3+ 62. Ke2 Nxe5 63. dxe5 Rf5 64. h4 gxh4 65. Rg6+ Kxe5 66. Rxc6 Rh5 67.
Kf2 h3 68. Kg1 h2+ 69. Kh1 Kf5 70. Rd6 Kg4 71. c6 Kg3 72. c7 Rf5 73. Rg6+ Kh3 74. Rh6+ Kg3 75. Rg6+ Kh3 76. c8=Q Kh4 77. Qxf5 d4 78.
Qg4# 1-0

[Event "Early-Titled-Tuesday-Blitz-March-05-2024"]
[Site "Chess.com"]
[Date "2024.03.05"]
[Round "11"]
[White "David_George21"]
[Black "ZuraTqebuchava"]
[Result "1-0"]
[WhiteElo "2412"]
[BlackElo "2257"]
[TimeControl "180+1"]
[EndTime "10:10:56 PST"]
[Termination "David_George21 won by checkmate"]

1. e4 g6 2. d4 Bg7 3. Nc3 c6 4. f4 d6 5. Nf3 Bg4 6. Be3 Qb6 7. a3 Bxf3 8. gxf3 e6 9. Bc4 d5 10. Bb3 Ne7 11. Qd2 Nd7 12. O-O-O O-O-O 13. Rhg1 Bf6 14. Na4 Qc7 15. Qb4 Nb6 16. Nc5 Nd7 17. a4 Nxc5 18. dxc5 d4 19. Bd2 Rd7 20. a5 a6 21. Bc4 Rhd8 22.
Kb1 h5 23. Be1 h4 24. e5 Bg7 25. Bxh4 Rh8 26. Bxe7 Rxe7 27. Rg2 Rd7 28. Bd3 Bh6 29. Rg4 Bf8 30. h4 Rd5 31. Be4 Rxc5 32. Qxd4 Rxa5 33. Rg2 Rb5 34. Rgd2 Be7 35. c4 Rb4 36.
Qc3 Qb6 37. Re2 Rxh4 38. Red2 Rh8 39. Rc2 Rd8 40. Rxd8+ Bxd8 41. Rd2 Be7 42. c5 Qxc5 43. Qd3 Qb6 44. Qd7+ Kb8 45. Qxe7 Ka7 46. Qd6 Qg1+ 47. Ka2 Qb6 48. Qd3 Qa5+ 49. Kb1 Ra4 50. Qb3 Ra1+ 51.
Kc2 Qc5+ 52. Qc3 Qg1 53. Kb3 Rc1 54. Qd4+ Qxd4 55. Rxd4 Re1 56. Rd7 Re3+ 57. Ka2 Re2 58. Rxf7 Rf2 59. Bxg6 Rd2 60. Be4 Rd8 61. Rf6 a5 62.
Rxe6 a4 63. f5 b5 64. f6 Kb6 65. f7 b4 66. Re8 Rd1 67. Bc2 Kb5 68. Bxd1 b3+ 69. Bxb3 axb3+ 70. Kxb3 c5 71. f8=Q c4+ 72. Kc2 c3 73. Rb8+ Ka6 74. Qa3# 1-0

[Event "Early-Titled-Tuesday-Blitz-March-05-2024"]
[Site "Chess.com"]
[Date "2024.03.05"]
[Round "11"]
[White "Predator0608"]
[Black "TheCavemanChess"]
[Result "1-0"]
[WhiteElo "2563"]
[BlackElo "2692"]
[TimeControl "180+1"]
[EndTime "10:11:03 PST"]
[Termination "Predator0608 won by resignation"]

1. e4 e5 2. Nf3 Nc6 3. Bc4 Nf6 4. d3 Bc5 5. c3 O-O 6. Bb3 d5 7. Qe2 a5 8. a4 Be6 9. Bc2 h6 10. Nbd2 d4 11. Nf1 Re8 12. Ng3 dxc3 13. bxc3 b5 14. axb5 Na7 15. Bd2 Nxb5 16. d4 Nxc3 17. Bxc3 exd4 18.
Bd2 Ng4 19. Qd3 Bb6 20. O-O c5 21. Bb3 Qd7 22. h3 Nf6 23. e5 Nd5 24. Bc2 g6 25.
Bxh6 Nb4 26. Qe4 Bd5 27. Qh4 Bd8 28. Bg5 Bxf3 29. gxf3 Bxg5 30. Qxg5 Nxc2 31. Nh5 Qd8 32. Nf6+ Kf8 33. Rac1 Nb4 34. Rxc5 Nd3 35. Rd5 Re6 36.
Rxd8+ Rxd8 37. Rd1 Rxe5 38. Nh7+ Ke8 39. Qf6 Re6 40.
Qh8+ Kd7 41. Qg7 Ne5 42. Rxd4+ Ke7 43. Rxd8 Kxd8 44. Qf8+ Kd7 45. Ng5 Rd6 46. Nxf7 Nxf3+ 47. Kg2 Rf6 48. Qd8+ Ke6 49. Qe8+ Kd5 50. Qd7+ Ke4 51. Nd6+ Ke5 52. Nc4+ Ke4 53. Nd2+ Nxd2 54. Qxd2 a4 55.
Qe2+ Kf5 56. Qf3+ Kg5 57. Qe3+ Kh5 58. Qe5+ Rf5 59. Qh8+ Kg5 60. Kg3 Rd5 61. h4+ Kf5 62. Qf8+ Ke4 63. Qf4+ Kd3 64. Qxa4 Rd4 65. Qb3+ Ke4 66.
Qe3+ Kd5 67. Qf3+ Ke5 68. Qf8 Rd3+ 69. f3 Rd1 70. Qg7+ Kf5 71. Qf7+ Ke5 72. Qf4+ Ke6 73. Qe4+ Kf6 74. Kf4 Rh1 75. Qe5+ Kf7 76. Kg5 Rh3 77. Qf6+ Ke8 78. Qe6+ Kd8 79. Qxh3 1-0

[Event "Early-Titled-Tuesday-Blitz-March-05-2024"]
[Site "Chess.com"]
[Date "2024.03.05"]
[Round "11"]
[White "PositionalPanther"]
[Black "cristianserban1"]
[Result "1-0"]
[WhiteElo "2624"]
[BlackElo "2510"]
[TimeControl "180+1"]
[EndTime "10:11:08 PST"]
[Termination "PositionalPanther won by resignation"]

1. d4 Nf6 2. Bg5 d5 3. Nd2 c5 4. c3 cxd4 5. cxd4 Nc6 6. e3 Bf5 7. a3 e6 8. Qb3 Qb6 9. Qxb6 axb6 10. Bxf6 gxf6 11. Rc1 Bd6 12. Bb5 Kd7 13. Ngf3 e5 14. Nh4 Be6 15. Nb3 Rhc8 16. Kd2 Ke7 17. g3 Na5 18. Nxa5 bxa5 19. Bd3 e4 20. Bb5 Rc7 21. Rxc7+ Bxc7 22. Rc1 Bd6 23. Ng2 Rc8 24. Rxc8 Bxc8 25.
Ne1 Bd7 26. Bxd7 Kxd7 27. Ng2 b6 28. Nh4 Ke6 29. h3 b5 30. g4 b4 31. a4 b3 32.
Kc3 Bb4+ 33. Kxb3 Be1 34. Nf5 Bxf2 35. Ka3 Be1 36. Ng7+ Ke7 37. Nf5+ Ke6 38. Kb3 Kd7 39. Kc2 Ke6 40. Kd1 Bb4 41. Ng3 Bd6 42. Nf5 Bb4 43. Ke2 Bf8 44. Kf2 Bb4 45. Kg2 Bd2 46. Kf2 Bb4 47. h4 Bd2 48. h5 Bb4 49. Ke2 Bf8 50. Kd2 Bb4+ 51. Kc2 Bf8 52. Ng3 Bb4 53. Kd1 Bd6 54.
Nf5 Bb4 55. Ke2 Bf8 56. Kf2 Bb4 57. Kg3 Be1+ 58. Kh3 Bb4 59. h6 Bf8 60. Kh4 Bb4 61. b3 Be1+ 62. Kh5 Bd2 63. Kh4 Bc1 64. Kg3 Bd2 65. Kf2 Bb4 66. Ng3 Bf8 67. Nf5 Bb4 68. Ke2 Bf8 69. Ng7+ Kd7 70. Kd2 Bb4+ 71. Ke2 Bf8 72. Kf2 Bb4 73. Kg3 Be1+ 74. Kf4 Bb4 75. Nh5 Ke6 76. Ng7+ Ke7 77. Kf5 Bd2 78. Nh5 Bxe3 79.
Nxf6 Bxh6 80. Nxd5+ Kd6 81. Kxe4 Bg7 82. Ne3 Bh6 83.
Nf5+ Kc6 84. Nxh6 1-0

[Event "Early-Titled-Tuesday-Blitz-March-05-2024"]
[Site "Chess.com"]
[Date "2024.03.05"]
[Round "11"]
[White "FairChess_on_YouTube"]
[Black "ActorXu"]
[Result "1-0"]
[WhiteElo "3097"]
[BlackElo "2862"]
[TimeControl "180+1"]
[EndTime "10:11:15 PST"]
[Termination "FairChess_on_YouTube won by resignation"]

1. e4 e5 2. Nf3 Nf6 3. Nxe5 d6 4. Nf3 Nxe4 5. Bd3 Nf6 6. O-O Be7 7. c3 O-O 8. Bc2 d5 9. d4 Bg4 10. Re1 Bd6 11. Nbd2 Nbd7 12. Nf1 Re8 13. Rxe8+ Qxe8 14. Qd3 Bh5 15. Bg5 Bg6 16. Qd1 Bxc2 17. Qxc2 c6 18. Re1 Qf8 19. Qb3 Rb8 20. Ng3 h6 21. Bd2 g6 22.
Ne5 h5 23. Bg5 Qg7 24. h3 Nf8 25. a4 Ne8 26. Bd2 f6 27. Nd3 Qf7 28. Ne2 Ne6 29.
Nef4 Nxf4 30. Bxf4 Bxf4 31. Nxf4 Ng7 32. Qb4 Re8 33.
Rxe8+ Nxe8 34. Qa5 Qc7 35. Qxc7 Nxc7 36. Nxg6 Ne6 37.
Ne7+ Kf7 38. Nf5 b6 39. g3 c5 40. Kf1 cxd4 41. Nxd4 Nc5 42. b3 a6 43. Ke2 Ne4 44.
f3 Nxc3+ 45. Kd2 Na2 46. Nc6 Ke6 47. g4 hxg4 48. fxg4 d4 49. Nxd4+ Ke5 50. Ne2 Nb4 51. h4 Nd5 52. h5 f5 53. gxf5 Kxf5 54. Kd3 Kg5 55.
Kd4 Nb4 56. Nc3 Kxh5 57. Nd5 Nc2+ 58. Kc3 Ne1 59. Nxb6 Kg6 60. b4 Kf6 61. b5 a5 62.
Nc4 Ke6 63. Nxa5 Kd6 64. Nb3 Nf3 65. a5 Ne5 66. Kb4 Nd3+ 67. Kc3 Ne5 68. a6 Nd7 69.
Kb4 Kc7 70. Nc5 Nb6 71. Na4 Nd7 72. Ka5 Kb8 73. b6 Ne5 74. Kb5 Nd3 75. Nc5 Ne5 76.
Ne6 Nd7 77. Nc7 Nxb6 78. Kxb6 Kc8 79. a7 1-0

[Event "Early-Titled-Tuesday-Blitz-March-05-2024"]
[Site "Chess.com"]
[Date "2024.03.05"]
[Round "11"]
[White "Goryachkina"]
[Black "Eagle_2019"]
[Result "1/2-1/2"]
[WhiteElo "2703"]
[BlackElo "2859"]
[TimeControl "180+1"]
[EndTime "10:11:28 PST"]
[Termination "Game drawn by repetition"]

1. e4 e5 2. Nf3 Nc6 3. Nc3 Nf6 4. h3 d6 5. d4 exd4 6. Nxd4 g6 7. Bb5 Bd7 8. O-O Bg7 9. Nxc6 bxc6 10. Bc4 O-O 11. Re1 Re8 12. Bg5 h6 13. Bh4 Qb8 14. Bb3 Be6 15.
e5 dxe5 16. Rxe5 Nd5 17. Nxd5 Bxe5 18. Ne7+ Kg7 19. Bxe6 fxe6 20. Nxc6 Qxb2 21. Rb1 Qc3 22. Qd7+ Kg8 23. Ne7+ Rxe7 24. Qxe7 Qxc2 25. Qxe6+ Kh7 26. Re1 Bg7 27. Qd7 Rf8 28. Re7 Qc1+ 29. Kh2 Qc3 30. Bg3 Rf5 31. Qxc7 Qxc7 32. Rxc7 Ra5 33. Bd6 Kg8 34.
a3 Ra4 35. g3 Bb2 36. Rc8+ Kf7 37. Rc7+ Ke6 38. Bb4 Bxa3 39. Bxa3 Rxa3 40. Rc6+ Kf7 41. h4 h5 42. Kg2 a5 43. Ra6 a4 44. Ra5 Kf6 45. f3 Ra2+ 46. Kh3 a3 47. g4 hxg4+ 48. Kxg4 Ra1 49. Kf4 a2 50. Ra6+ Kg7 51. Ra4 Kh6 52. Ra5 Kg7 53. Ra4 Kh7 54. Ra6 Kh6 55. Ra5 Kg7 56. Ra3 Kf7 57. Ra5 Ke7 58. Ra4 Kd6 59.
Ra3 Kd5 60. Ra8 Kd4 61. Rd8+ Kc3 62. Rc8+ Kd2 63. Ra8 Ke2 64. Ra7 Kf2 65. Ra8 Kg2 66. Ra7 Kh3 67. Ra8 Kg2 68. Ra7 Kf2 69. Ra8 Ke2 70.
Re8+ Kd3 71. Rd8+ Kc4 72. Rc8+ Kb3 73. Rb8+ Ka4 74. Ra8+ Kb5 75. Rb8+ Kc6 76. Ra8 Kd7 77. Ra7+ Ke6 78. Ra6+ Kf7 79. Ra7+ Kg8 80. Ra6 Kh7 81. Ra7+ Kh6 82. Ra5 1/2-1/2

[Event "Early-Titled-Tuesday-Blitz-March-05-2024"]
[Site "Chess.com"]
[Date "2024.03.05"]
[Round "11"]
[White "Mikasinski"]
[Black "Miguelito"]
[Result "1-0"]
[WhiteElo "2648"]
[BlackElo "2801"]
[TimeControl "180+1"]
[EndTime "10:11:30 PST"]
[Termination "Mikasinski won by resignation"]

1. e4 c5 2. Nf3 Qc7 3. Nc3 e6 4. d4 cxd4 5. Nxd4 a6 6. Be2 b5 7. O-O Bb7 8. Bf3 d6 9. a4 b4 10. Nce2 Nf6 11. Ng3 Nbd7 12. Bg5 Be7 13. Qd2 Ne5 14.
Be2 O-O 15. Qxb4 d5 16. Qd2 dxe4 17. Rfd1 h6 18. Bf4 g5 19. Be3 Nfg4 20. h3 Nxe3 21. Qxe3 f5 22. Nxe6 Qc6 23. Nxf8 Rxf8 24. Qc3 Qxc3 25. bxc3 f4 26. Nf1 Bc5 27. Rab1 Rf7 28.
Rd8+ Kg7 29. Rb8 Bc6 30. Bxa6 e3 31. Bb7 Bxa4 32. Bd5 Rd7 33. R8b7 Bxc2 34. Rxd7+ Nxd7 35. Rc1 Bd3 36. fxe3 fxe3 37. Kh1 e2 38. Ng3 Be3 39. Ra1 Bd2 40. Nxe2 Bxe2 41. Ra2 Bxc3 42. Rxe2 Nf6 43. Bf3 Bd4 44. Rd2 Be5 45. Kg1 Kg6 46. Re2 Bd4+ 47.
Kf1 h5 48. Re6 Kf5 49. Ra6 g4 50. Ra5+ Kf4 51. Be2 Ne4 52. hxg4 hxg4 53. Ra4 Ke3 54. Bxg4 Ng3+ 55. Kg1 Ke4+ 56. Kh2 Nf1+ 57. Kh3 Ne3 58. Bf3+ Ke5 59. Ra5+ Kf4 60. Ra8 Nf1 61.
Rf8+ Ke3 62. Bg4 Nd2 63. Re8+ Kf4 64. Re2 Ne4 65. Bf3 Ng3 66. Rd2 Be5 67. Rd3 Nf5 68. Rb3 Kg5 69. Rb4 Kf6 70. Re4 Ne7 71. g4 Ng6 72. Kg2 Kg5 73. Rc4 Bf4 74. Kf2 Be5 75. Re4 Kf6 76. Ra4 Kg5 77. Ke3 Kf6 78. Ke4 Kg5 79.
Ra5 Kf6 80. g5+ Kxg5 81. Be2 Kf6 82. Bd3 Bg3 83. Kf3 Ne5+ 84. Ke4 Nxd3 85. Kxd3 Ke6 86. Ke4 Kd6 87. Rf5 Kc6 88. Rf3 Bc7 89. Kd4 Kb7 90. Kc5 Ka8 91. Kc6 Bh2 92. Rf2 Bg3 93. Rf3 Bh2 94. Rd3 Bg3 95. Rxg3 1-0

[Event "Early-Titled-Tuesday-Blitz-March-05-2024"]
[Site "Chess.com"]
[Date "2024.03.05"]
[Round "11"]
[White "Chernov_Alexander_A"]
[Black "volodja49"]
[Result "0-1"]
[WhiteElo "2340"]
[BlackElo "2572"]
[TimeControl "180+1"]
[EndTime "10:11:32 PST"]
[Termination "volodja49 won on time"]

1. d4 d5 2. Nf3 Nf6 3. c4 c6 4. e3 Bg4 5. Qb3 Qb6 6. c5 Qxb3 7. axb3 Bxf3 8. gxf3 a6 9. f4 Nbd7 10. b4 Rc8 11. Nd2 e6 12. Nb3 Be7 13. Na5 Rc7 14. Bd3 O-O 15. Ke2 Re8 16. Bd2 Nf8 17.
f3 Bd8 18. e4 Rd7 19. e5 Nh5 20. f5 g6 21. f6 Nxf6 22. exf6 Bxf6 23. Bc3 e5 24.
dxe5 Bxe5 25. Bxe5 Rxe5+ 26. Kd2 Ne6 27. Rae1 f6 28.
Rxe5 fxe5 29. Re1 Nd4 30. Re3 Rf7 31. Be2 Re7 32. Bd1 Kf7 33. h4 Nf5 34. Re1 h5 35. Rh1 Kf6 36. Rh2 Nd4 37. Ke3 Nf5+ 38. Kf2 Rd7 39.
Bc2 Nd4 40. Bd3 Rg7 41. Ke3 Ne6 42. Bf1 Nf4 43. Nb3 g5 44. hxg5+ Rxg5 45. Na5 Rg7 46. Bd3 Kg5 47. Rh1 Kh6 48. Bf1 Rf7 49. Nb3 Ne6 50.
Na5 Nd4 51. Be2 Nc2+ 52. Kd2 Nxb4 53. f4 Rxf4 54. Rxh5+ Kg6 55. Nxb7 Rd4+ 56. Ke1 Nc2+ 57. Kf2 Rb4 58. Nd6 Rxb2 59. Rh8 Nd4 60. Rg8+ Kf6 61.
Rf8+ Ke7 62. Rf7+ Ke6 63. Rf8 Rxe2+ 64. Kf1 Rc2 65. Re8+ Kf6 66. Rf8+ Kg5 67. Rg8+ Kf4 68. Rf8+ Ke3 69. Ra8 Nf3 70. Nf5+ Kf4 71. Rf8 e4 72. Nd4+ Ke5 73. Nxc2 d4 74. Re8+ Kd5 75. Rd8+ Kxc5 76.
Na3 d3 77. Rd7 Kb4 78. Nb1 c5 79. Kf2 Nd4 80. Ke3 Nb3 81. Kxe4 c4 82. Rb7+ Kc5 83. Nc3 Nd2+ 84. Ke3 Nf1+ 0-1